 Dungeon Crawl Stone Soup version 0.28-a0-410-gbef64dd269 (webtiles) character file.

Game seed: 8585662324269074595

3091 Borgoz the Fighter (level 9, -9/78 (82) HPs)
             Began as a Minotaur Berserker on Sept 7, 2021.
             Was an Elder of Trog.
             Mangled by an eight-headed hydra (10 damage)
             ... on level 7 of the Dungeon.
             The game lasted 00:08:27 (7686 turns).

Borgoz the Fighter (Minotaur Berserker)             Turns: 7686, Time: 00:08:28

HP:   -9/78 (82)    AC: 12    Str: 22    XL:     9   Next: 59%
MP:   8/8           EV: 17    Int:  4    God:    Trog [****..]
Gold: 527           SH:  0    Dex: 13    Spells: 8/8 levels left

rFire   + . .      SeeInvis .   D - +2 long sword (vamp)
rCold   . . .      Faith    +   (no shield)
rNeg    . . .      Spirit   .   p - +1 scale mail {rF+}
rPois   +          Reflect  .   (helmet restricted)
rElec   .          Harm     +   d - scarf {harm}
rCorr   .          Rampage  .   q - +0 pair of gloves
Will    .....                   g - +0 pair of boots
Stlth   ..........              e - amulet of faith
HPRegen 0.23/turn               v - +4 ring of evasion
MPRegen 0.11/turn               w - ring of poison resistance

@: about to teleport, lightly drained
A: horns 2, retaliatory headbutt
a: Renounce Religion, Berserk, Trog's Hand, Brothers in Arms


You were on level 7 of the Dungeon.
You worshipped Trog.
Trog was greatly pleased with you.
You visited 1 branch of the dungeon, and saw 8 of its levels.

You collected 527 gold pieces.

Inventory:

Hand Weapons
 D - a +2 vampiric long sword (weapon)
Missiles
 k - 2 throwing nets (quivered)
Armour
 d - a scarf of harm (worn)
 g - a +0 pair of boots (worn)
 p - a +1 scale mail of fire resistance (worn)
 q - a +0 pair of gloves (worn)
Jewellery
 e - an amulet of faith (around neck)
 v - a +4 ring of evasion (left hand)
 w - a ring of poison resistance (right hand)
Wands
 i - a wand of mindburst (12)
 j - a wand of flame (16)
 z - a wand of acid (5)
Scrolls
 c - a scroll of fear {unknown}
 f - 4 scrolls of teleportation
 m - a scroll of magic mapping {unknown}
 n - 2 scrolls of blinking {unknown}
 o - a scroll of immolation {unknown}
 t - 2 scrolls of fog {unknown}
 x - a scroll of summoning {unknown}
 y - a scroll of amnesia {unknown}
 A - a scroll of enchant weapon {unknown}
 C - 2 scrolls of holy word {unknown}
Potions
 b - 2 potions of heal wounds {unknown}
 h - 4 potions of attraction {unknown}
 l - a potion of curing {unknown}
 r - a potion of brilliance {unknown}
 s - a potion of berserk rage
 u - a potion of flight {unknown}
 B - a potion of lignification {unknown}


   Skills:
 + Level 8.9 Fighting
 + Level 8.8 Long Blades
 + Level 8.4 Armour
 + Level 7.7 Dodging


You had 8 spell levels left.
You didn't know any spells.
Your spell library was empty.

Dungeon Overview and Level Annotations

Branches:
Dungeon (8/15)             Temple (0/1) D:7
   Lair: D:8-11

Altars:
Ashenzari
Gozag
Okawaru
Ru
Trog
Zin
The Shining One

Shops:
D:2 :   D:4 :


Innate Abilities, Weirdness & Mutations

You have a pair of horns on your head.
You reflexively headbutt those who attack you in melee.


Message History

You slash the wight!
You destroy the wight!
Trog accepts your kill. The wight hits you but does no damage.
The wight hits you with a +2 hand axe!
You feel drained.
You hack one of the seven-headed hydra's heads off!
The six-headed hydra grows two more!
You slash the eight-headed hydra!
The eight-headed hydra is lightly wounded.
The wight hits you from afar with a +0 spear.
You feel drained. The wight misses you. The eight-headed hydra misses you.
The eight-headed hydra closely misses you.
The eight-headed hydra bites you but does no damage.
The eight-headed hydra bites you. The eight-headed hydra bites you!
The eight-headed hydra closely misses you.
The eight-headed hydra barely misses you.
The eight-headed hydra misses you. The wight misses you.
The wight closely misses you.
You climb upwards.
There is a stone staircase leading down here.
As you read the scroll of teleportation, it crumbles to dust.
You feel strangely unstable.
The eight-headed hydra bites you but does no damage.
The eight-headed hydra bites you! The eight-headed hydra bites you.
* * * LOW HITPOINT WARNING * * *
The eight-headed hydra completely misses you.
The eight-headed hydra bites you!
* * * LOW HITPOINT WARNING * * *
The eight-headed hydra misses you.
The eight-headed hydra closely misses you.
The eight-headed hydra bites you.
* * * LOW HITPOINT WARNING * * *
The wight hits you with a +2 hand axe.
* * * LOW HITPOINT WARNING * * *
The eight-headed hydra barely misses you.
The eight-headed hydra bites you.
* * * LOW HITPOINT WARNING * * *
The eight-headed hydra barely misses you.
The eight-headed hydra bites you!
You die...

#.......########'##.....#...##
#.......#.........#.....#...##
#....[..#.........#.)...#...##
#.......#.........#.....#.....
#.......#.........#.....#.....
#.......#.........#.....'.....
#.......###'#######....[#.####
######.............######.####
#.......@z...##PPP##.....
#.......D>...#P...P#.....
#............#P.>..'.....
#.........<..#P...P#####'
######.......##PPP##.....
#........#####.....≈
#..................≈
#..................≈
#..................≈


You could see an eight-headed hydra and a wight.

Vanquished Creatures
  A kobold demonologist (D:5)
  A wraith (D:5)
  2 steam dragons (D:7)
  Menkaure (D:6)
  A water moccasin (D:6)
  2 sky beasts
  2 black bears
  A necrophage (D:3)
  3 ogres
  The ghost of semitonal the Stinger, an amateur DrVM (D:3)
  2 kobold brigands
  A scorpion (D:4)
  A gnoll sergeant (D:7)
  A water moccasin skeleton (D:6)
  A wyvern skeleton (D:7)
  5 killer bees (D:7)
  An electric eel (D:7)
  A wight (D:8)
  4 hounds
  3 bullfrog zombies (D:5)
  A jelly (D:5)
  A centaur skeleton (D:7)
  A bullfrog skeleton (D:5)
  2 iguanas
  A gnoll shaman (D:5)
  Ijyb (D:5)
  Natasha (thrice) (D:2)
  12 gnolls
  A howler monkey skeleton (D:6)
  6 adders
  A shadow imp (D:7)
  2 white imps
  2 ufetubi
  An adder zombie (D:5)
  2 worms
  4 dart slugs
  9 orcs
  6 ball pythons
  8 endoplasms
  3 giant cockroaches
  7 goblins
  10 hobgoblins
  10 kobolds
  A quokka (D:2)
  7 bats
  4 frilled lizards
  A quokka skeleton (D:4)
  4 rats
146 creatures vanquished.

Notes
Turn   | Place    | Note
-------+----------+-------------------------------------------
     0 | D:1      | Borgoz the Minotaur Berserker began the quest for the Orb.
     0 | D:1      | Reached XP level 1. HP: 19/19 MP: 0/0
   255 | D:1      | You fall into a shaft and drop 1 floor!
   288 | D:2      | Reached XP level 2. HP: 27/27 MP: 1/1
  1065 | D:2      | Reached XP level 3. HP: 33/33 MP: 2/2
  1239 | D:2      | Found Quast's Book Emporium.
  1240 | D:2      | Noticed Natasha
  1248 | D:2      | Killed Natasha
  1248 | D:2      | Reached ** piety under Trog
  1249 | D:2      | Reached XP level 4. HP: 25/41 MP: 3/3
  1804 | D:2      | Noticed Natasha
  1811 | D:2      | Killed Natasha
  1963 | D:2      | Noticed Natasha
  1966 | D:2      | Killed Natasha
  1983 | D:3      | Noticed an ogre
  1985 | D:3      | Killed an ogre
  1986 | D:3      | Reached XP level 5. HP: 38/47 MP: 4/4
  2194 | D:3      | Found a bloodstained altar of Trog.
  2200 | D:3      | Reached skill level 5 in Fighting
  2321 | D:3      | Found a sacrificial altar of Ru.
  2386 | D:3      | Found a faded altar of an unknown god.
  2389 | D:3      | Reached skill level 5 in Long Blades
  2518 | D:3      | Found a runed translucent gate.
  2522 | D:3      | Found a runed translucent gate.
  2522 | D:3      | Found an opulent altar of Gozag.
  2523 | D:3      | Found a runed translucent gate.
  2539 | D:3      | Noticed semitonal's ghost (amateur DrVM)
  2539 | D:3      | Noticed a necrophage
  2863 | D:4      | Found a glowing golden altar of the Shining One.
  2940 | D:4      | Found Geuceam's Book Shoppe.
  3135 | D:4      | Reached XP level 6. HP: 54/56 MP: 5/5
  3306 | D:4      | Reached *** piety under Trog
  3477 | D:5      | Entered Level 5 of the Dungeon
  3807 | D:5      | Found an iron altar of Okawaru.
  3879 | D:5      | Reached skill level 5 in Armour
  3879 | D:5      | Reached XP level 7. HP: 55/62 MP: 6/6
  4179 | D:5      | Noticed a wraith
  4185 | D:5      | Killed a wraith
  4186 | D:5      | Reached skill level 5 in Dodging
  4420 | D:5      | Found a broken altar of Ashenzari.
  4439 | D:5      | Noticed Ijyb
  4443 | D:5      | Reached XP level 8. HP: 71/71 MP: 7/7
  4453 | D:5      | Killed Ijyb
  4477 | D:5      | Noticed a kobold demonologist
  4499 | D:5      | Noticed a sixfirhy
  4507 | D:5      | Killed a kobold demonologist
  4876 | D:6      | Noticed Menkaure
  4883 | D:6      | Killed Menkaure
  5513 | D:6      | Reached **** piety under Trog
  6023 | D:7      | Found a glowing silver altar of Zin.
  6044 | D:7      | Reached XP level 9. HP: 63/81 MP: 8/8
  7026 | D:7      | Found a staircase to the Ecumenical Temple.
  7558 | D:3      | Killed semitonal's ghost
  7677 | D:8      | Noticed a seven-headed hydra
  7685 | D:7      | HP: 3/78 [wight (3)]
  7686 | D:7      | HP: 1/78 [eight-headed hydra (2)]
  7686 | D:7      | Mangled by an eight-headed hydra

Illustrated notes

Levels and vault maps discovered:
D:1:      sevenhm_arrival_forest_fort_large_4, layout_loops_ring,
          minmay_pentomino_x2
D:2:      layout_basic, serial_shops, shop, minivault_14,
          minmay_randomly_rotated_circles, uniq_natasha
D:3:      layout_loops_ring, mainiacjoe_overflow_six_doors_small,
          mainiacjoe_overflow_catwalk, ebering_ghost_gozag,
          ebering_ecumenical_altar_box, feat_on_display
D:4:      minmay_opposing_rooms, layout_cave_pools, tso_oasis_becter,
          serial_shops, nicolae_shop_stone, chequers_serial_rivers_micro_d,
          minmay_goblin_outpost
D:5:      layout_gridville, amcnicky_altar_gilded, lemuel_round_altar, uniq_ijyb
D:6:      layout_basic, uniq_menkaure
D:7:      layout_gridville, kennysheep_mini_moat,
          minmay_temple_entry_enclosed_plants, minmay_crystal_water
D:8:      layout_loops_cross, mainiacjoe_overflow_24_doors, lair_entry_dummy,
          nicolae_two_hexagons, serial_park_tiny_pond

Skill      XL: |  1  2  3  4  5  6  7  8  9 |
---------------+----------------------------+-----
Fighting       | 4 5 6 7 8 |  8.9
Long Blades    | 4 5 6 7 8 |  8.8
Armour         | 3 4 5 6 7 8 |  8.4
Dodging        | 3 4 5 6 7 |  7.7

Action                   |  1- 3 |  4- 6 |  7- 9 || total
-------------------------+-------+-------+-------++-------
Melee: Falchion          |    52 |   125 |   195 ||   372
       Headbutt          |     8 |    21 |    38 ||    67
       Long sword        |       |       |    13 ||    13
Invok: Berserk           |       |     1 |     5 ||     6
       Trog's Hand       |       |     1 |       ||     1
Evoke: Wand              |       |     1 |     2 ||     3
  Use: Scroll            |       |     2 |     3 ||     5
Armor: Ring mail         |    17 |    38 |    14 ||    69
       Animal skin       |     2 |       |       ||     2
       Scale mail        |       |       |    51 ||    51
Dodge: Dodged            |    29 |    83 |   206 ||   318

Table legend: (Time is in decaauts)
 A = Elapsed time spent in this place.
 B = Non-inter-level travel time spent in this place.
 C = Inter-level travel time spent in this place.
 D = Time resting spent in this place.
 E = Time spent auto-exploring this place.
 F = Levels seen in this place.
 G = Mean time per level.
                   A        B        C        D        E       F      G
               +--------+--------+--------+--------+--------+-----+--------+
         Total |   7755 |   6977 |    778 |   1059 |   5000 |   8 |  969.4 |
       Dungeon |   7755 |   6977 |    778 |   1059 |   5000 |   8 |  969.4 |
               +--------+--------+--------+--------+--------+-----+--------+

Top non-repeatable levels by time:
     D:5: 1661 daAuts
     D:7: 1311 daAuts
     D:6: 1160 daAuts
     D:2: 1095 daAuts
     D:3: 928 daAuts
     D:1: 902 daAuts
     D:4: 687 daAuts
     D:8: 6 daAuts
